 Dungeon Crawl Stone Soup version 0.30-a0-709-gcdc1b43e22 (webtiles) character file.

Game seed: 7688420100532584117

483 Citaku the Covered (level 6, -1/52 (56) HPs)
             Began as a Minotaur Fighter on Jan 22, 2023.
             Was an Initiate of Gozag.
             Slain by a wight
             ... wielding a +0 scimitar
              (9 damage)
             ... on level 5 of the Dungeon.
             The game lasted 00:05:45 (3843 turns).

Citaku the Covered (Minotaur Fighter)               Turns: 3843, Time: 00:05:46

HP:   -1/52 (56)    AC:  9    Str: 23    XL:     6   Next: 88%
MP:   5/5           EV:  9    Int:  5    God:    Gozag
Gold: 231           SH:  4    Dex:  9    Spells: 5/5 levels left

rFire   . . .      SeeInvis .    a - +0 war axe
rCold   . . .      Faith    .    c - +0 buckler
rNeg    . . .      Spirit   .    b - +0 scale mail
rPois   +          Reflect  .    (helmet restricted)
rElec   .          Harm     .    (no cloak)
rCorr   .          Rampage  .    l - +1 pair of gloves
Will    .....                    (no boots) Stlth
                                 (no amulet)
HPRegen 0.28/turn                m - ring of flight
MPRegen 0.09/turn                n - ring of poison resistance

@: mighty, flying, drained
A: horns 2, retaliatory headbutt
a: Renounce Religion, Potion Petition, Call Merchant, Bribe Branch


You were on level 5 of the Dungeon.
You worshipped Gozag.
Gozag was aware of your devotion.
You visited 2 branches of the dungeon, and saw 6 of its levels.

You collected 319 gold pieces.
You paid 88 gold pieces to Gozag.

Inventory:

Hand Weapons
 a - a +0 war axe (weapon)
Missiles
 v - 2 silver boomerangs (quivered)
 w - 2 throwing nets
Armour
 b - a +0 scale mail (worn)
 c - a +0 buckler (worn)
 l - a +1 pair of gloves (worn)
Jewellery
 m - a ring of flight (left hand)
 n - a ring of poison resistance (right hand)
Wands
 k - a wand of polymorph (9)
 r - a wand of flame (20)
Scrolls
 e - a scroll of vulnerability
 g - 2 scrolls of teleportation
 o - 7 scrolls of identify {unknown}
 t - a scroll of enchant weapon {unknown}
Potions
 f - 3 potions of haste {unknown}
 h - 4 potions of brilliance {unknown}
 i - 2 potions of lignification {unknown}
 j - a potion of berserk rage {unknown}
 p - 4 potions of ambrosia {unknown}
 q - 2 potions of invisibility {unknown}
 s - 2 potions of mutation {unknown}
 u - a potion of curing {unknown}


   Skills:
 + Level 5.0 Fighting
 * Level 5.5 Axes
 * Level 6.2 Armour
 + Level 4.9 Shields


You had 5 spell levels left.
You didn't know any spells.
Your spell library contained the following spells:

 Spells                   Type           Power      Damage    Failure   Level
 Necrotise                Necr           0%         1d4       85%         1
 Sandblast                Erth           0%         2d4       85%         1
 Sting                    Tmut/Pois      0%         1d3       85%         1
 Poisonous Vapours        Pois/Air       0%         N/A       94%         2
 Mephitic Cloud           Conj/Pois/Air  0%         N/A       99%         3
 Vampiric Draining        Necr           0%         2d6       99%         3
 Olgreb's Toxic Radiance  Pois           0%         N/A       100%        4
 Agony                    Necr           0%         N/A       100%        5
 Shatter                  Erth           0%         3d5*      100%        9


Dungeon Overview and Level Annotations

Branches:
Dungeon (5/15)             Temple (1/1) D:5

Altars:
Cheibriados
Dithmenos
Elyvilon
Fedhas
Gozag
Kikubaaqudgha
Makhleb
Nemelex Xobeh
Okawaru
Qazlal
Ru
Uskayaw
Wu Jian
Xom
Yredelemnul
Zin
The Shining One

Shops:
D:3 *   D:5 *


Innate Abilities, Weirdness & Mutations

You have a pair of horns on your head.
You reflexively headbutt those who attack you in melee.


Message History

The wight hits you with a +0 battleaxe!
You feel drained. The wight hits you with a +0 hand axe.
The wight hits you but does no damage. The wight barely misses you.
You hit the wight but do no damage.
The wight is moderately damaged.
You barely miss the wight. x2; The wight barely misses you.
You furiously retaliate!
You headbutt the wight. The wight hits you with a +0 battleaxe!
You feel drained.
* * * LOW HITPOINT WARNING * * *
The wight hits you with a +0 hand axe.
* * * LOW HITPOINT WARNING * * *
You are too injured to fight recklessly!
You are too injured to fight recklessly!
You are too injured to fight recklessly!
You are too injured to fight recklessly!
You are too injured to fight recklessly!
You are too injured to fight recklessly!
You are too injured to fight recklessly!
You are too injured to fight recklessly!
You are too injured to fight recklessly!
You are too injured to fight recklessly!
You are too injured to fight recklessly!
You are too injured to fight recklessly!
You are too injured to fight recklessly!
You are too injured to fight recklessly!
You are too injured to fight recklessly!
You are too injured to fight recklessly!
You are too injured to fight recklessly!
You are too injured to fight recklessly!
You are too injured to fight recklessly!
You are too injured to fight recklessly!
You feel very mighty all of a sudden. You block the wight's attack.
The wight misses you. The wight closely misses you. You furiously retaliate!
You headbutt the wight. You hit the wight but do no damage.
The wight is lightly damaged.
You barely miss the wight. You closely miss the wight.
The wight hits you with a +0 scimitar!
You die...
Your body crumbles into a pile of gold.

#(# #.# #.# # #.# #
####*### #.# # *...,..#
#.# # #*,#.##.# #.# #
*#..##z#.##### #.######
*,#..z@......###.#....)
*#...#z#.###.##....####
##...##.###.#.....#
#..###...........##
#.......##.###....#
######..##......#.#
#..######....# #..#
##.#### #..#####...##


You could see 3 wights.

Vanquished Creatures
  A phantom (D:4)
  A scorpion (D:5)
  A jelly (D:4)
  An orc priest (D:4)
  2 hounds
  Natasha (twice) (D:2)
  An iguana (D:5)
  3 gnolls (D:5)
  2 adders (D:3)
  A shadow imp (D:5)
  A spectral adder (D:2)
  An adder zombie (D:2)
  3 adder skeletons (D:2)
  2 worms
  2 dart slugs
  8 orcs
  An endoplasm (D:2)
  4 giant cockroaches
  2 goblins (D:2)
  3 hobgoblins
  14 jackals
  8 kobolds
  5 quokkas
  7 ball pythons
  A ball python skeleton (D:2)
  4 bats
  4 frilled lizards
85 creatures vanquished.

Vanquished Creatures (others)
  24 plants (D:2)
  18 withered plants (D:2)
42 creatures vanquished.

Grand Total: 127 creatures vanquished

Notes
Turn   | Place    | Note
-------+----------+-------------------------------------------
     0 | D:1      | Citaku the Minotaur Fighter began the quest for the Orb.
     0 | D:1      | Reached XP level 1. HP: 19/19 MP: 0/0
   137 | D:1      | Found a faded altar of an unknown god.
   350 | D:1      | Reached XP level 2. HP: 23/27 MP: 1/1
   397 | D:1      | Got Sif Muna's Cyclopedia of Erosion and the Hornet
   686 | D:2      | Reached skill level 4 in Armour
   858 | D:2      | Identified the +3 leather armour of the Barracuda {rN+++
                  | Int-4 Dex+2 Stlth-}
  1023 | D:2      | Noticed Natasha
  1024 | D:2      | Reached XP level 3. HP: 33/33 MP: 2/2
  1037 | D:2      | Killed Natasha
  1048 | D:2      | Identified the +2 dagger of the New World {pain, rC+ rN+
                  | Str+3}
  1074 | D:2      | Reached XP level 4. HP: 38/40 MP: 3/3
  1544 | D:2      | Noticed Natasha
  1553 | D:2      | Killed Natasha
  1694 | D:3      | Found Juoffen's Assorted Antiques.
  2195 | D:4      | Reached XP level 5. HP: 46/46 MP: 4/4
  2203 | D:4      | Reached skill level 5 in Armour
  2569 | D:4      | Noticed a phantom
  2580 | D:4      | Killed a phantom
  2581 | D:4      | Reached skill level 5 in Axes
  2581 | D:4      | Reached XP level 6. HP: 53/53 MP: 5/5
  3109 | D:5      | Entered Level 5 of the Dungeon
  3116 | D:5      | Found a staircase to the Ecumenical Temple.
  3186 | Temple   | Entered the Ecumenical Temple
  3271 | Temple   | Became a worshipper of Gozag Ym Sagoz the Greedy
  3356 | D:5      | Reached skill level 5 in Fighting
  3356 | D:5      | Reached skill level 6 in Armour
  3620 | D:5      | Found Qeecalut's Assorted Antiques.
  3843 | D:5      | Slain by a wight

Illustrated notes

Levels and vault maps discovered:
D:1:      minmay_arrival_nine_rooms, layout_basic,
          chequers_ecumenical_altar_simple
D:2:      layout_basic, serial_bayou, serial_bayou_lagoon_a,
          serial_bayou_shore_b, serial_bayou_crossing, serial_bayou_pond_e,
          minmay_misc_feat_alley, dilly_guarded_unrand_morg
D:3:      layout_rooms, serial_shops, nicolae_shop_hallway_plus,
          minmay_door_square, nicolae_elevator_lobby_plus
D:4:      layout_loops_ring, chequers_avenue, minmay_misc_feat_columns,
          nicolae_kite_square_tiling_tiny
D:5:      layout_loops_corners, minmay_temple_entry_slanted, serial_shops,
          kennysheep_mini_moat
Temple:   minmay_temple_bridge_d

Skill      XL: |  1  2  3  4  5  6 |
---------------+-------------------+-----
Armour         | 4 5 6 |  6.2
Axes           | 3 4 5 |  5.5
Fighting       | 4 5 |  5.0
Shields        | 4 |  4.9

Action                     |  1- 3 |  4- 6 || total
---------------------------+-------+-------++-------
  Melee: War axe           |    55 |   146 ||   201
         Headbutt          |     4 |    24 ||    28
    Use: Scroll            |       |     5 ||     5
         Potion            |       |     1 ||     1
 Armour: Scale mail        |    30 |    62 ||    92
  Dodge: Dodged            |    28 |    77 ||   105
  Block: Buckler           |    10 |    37 ||    47

Table legend: (Time is in decaauts)
 A = Elapsed time spent in this place.
 B = Non-inter-level travel time spent in this place.
 C = Inter-level travel time spent in this place.
 D = Time resting spent in this place.
 E = Time spent auto-exploring this place.
 F = Levels seen in this place.
 G = Mean time per level.
                   A        B        C        D        E       F      G
               +--------+--------+--------+--------+--------+-----+--------+
         Total |   3922 |   3761 |    161 |      0 |   3170 |   6 |  653.7 |
       Dungeon |   3772 |   3637 |    135 |      0 |   3062 |   5 |  754.4 |
        Temple |    149 |    123 |     26 |      0 |    108 |   1 |  149.0 |
               +--------+--------+--------+--------+--------+-----+--------+

Top non-repeatable levels by time:
     D:4: 971 daAuts
     D:2: 948 daAuts
     D:1: 669 daAuts
     D:5: 593 daAuts
     D:3: 589 daAuts
  Temple: 149 daAuts
